 Dungeon Crawl Stone Soup version 0.20.1-1-g8b1a95d66d (webtiles) character file.

88 CKAuHET the Skirmisher (level 4, -1/44 HPs)
             Began as an Ogre Fighter on Nov 27, 2017.
             Slain by fartsinmyface's ghost (4 damage)
             ... on level 3 of the Dungeon.
             The game lasted 00:07:21 (2060 turns).

CKAuHET the Skirmisher (Ogre Fighter)               Turns: 2060, Time: 00:07:21

Health: -1/44      AC:  3    Str: 25 (26) XL:     4   Next: 53%
Magic:  4/4        EV:  8    Int:  8 (9)  God:
Gold:   129        SH:  9    Dex:  7 (8)  Spells: 3/3 levels left

rFire    + . .     SeeInvis .   e - +1 hand axe (chop)
rCold    + + .     Gourm    .   c - +1 shield
rNeg     . . .     Faith    .   b - +0 robe
rPois    +         Spirit   .   (helmet restricted)
rElec    +         Reflect  .   (no cloak)
rCorr    +         Harm     .   (gloves unavailable)
MR       .....                  (boots unavailable)
Stlth    +.........             (no amulet)
Regen    0.2/turn               (no ring)
MPRegen  0.1/turn               (no ring)

@: mighty, resistant, glowing
A: unfitting armour, cold resistance 1, frail 1, tough skin 1, subdued magic 1
a: no special abilities


You were on level 3 of the Dungeon.
You were not hungry.

You visited 1 branch of the dungeon, and saw 3 of its levels.

You collected 129 gold pieces.

Inventory:

Hand Weapons
 a - a +0 trident
 e - a +1 hand axe of chopping (weapon)
Armour
 b - a +0 robe (worn)
 c - a +1 shield (worn)
Scrolls
 h - a scroll of amnesia
Comestibles
 f - 2 bread rations
 o - a meat ration
 p - 2 fruits


   Skills:
 + Level 4.7 Fighting
 + Level 1.3(1.7) Axes
 + Level 2.1(2.5) Polearms
 + Level 3.3 Dodging
 + Level 3.1 Shields


You had 3 spell levels left.
You didn't know any spells.

Dungeon Overview and Level Annotations

Branches:
Dungeon (3/15)

Altars:
Sif Muna

Annotations:
D:3 fartsinmyface's ghost, amateur FeEn


Innate Abilities, Weirdness & Mutations

You are too large for most types of armour.
You have tough skin. (AC +1)
Your flesh is cold resistant. (rC+)
You are frail. (-10% HP)
Your spells are a little easier to cast, but a little less powerful.


Message History

Fartsinmyface's ghost is moderately damaged.
Fartsinmyface's ghost hits you.
* * * LOW HITPOINT WARNING * * *
You barely miss fartsinmyface's ghost.
Fartsinmyface's ghost is moderately damaged.
Fartsinmyface's ghost hits you but does no damage.
You miss fartsinmyface's ghost.
Fartsinmyface's ghost is moderately damaged.
You block fartsinmyface's ghost's attack.
You completely miss fartsinmyface's ghost.
Fartsinmyface's ghost is moderately damaged.
You block fartsinmyface's ghost's attack.
Fartsinmyface's ghost closely misses you.
You completely miss fartsinmyface's ghost.
Fartsinmyface's ghost is moderately damaged.
You block fartsinmyface's ghost's attack.
Your shield prevents you from hitting fartsinmyface's ghost.
Fartsinmyface's ghost is moderately damaged.
Fartsinmyface's ghost hits you.
You die...

#≈≈≈≈≈≈≈##.#
#.#
#≈≈...≈≈##.#
#.#
#≈≈._...'..#
#.#
#≈≈...≈≈####
#.#
#≈≈≈≈≈≈≈#
#.#
##≈≈≈≈≈##
#.# #######
#.#
#...####.#
......†@.#
....####W# .
.S.. .....#
####..# ..#
..# .#


You could see fartsinmyface's ghost and an adder.

Vanquished Creatures
  An adder (D:2)
  An ooze (D:1)
  A worm (D:2)
  2 leopard geckos (D:1)
  2 orcs (D:3)
  3 ball pythons
  3 giant cockroaches
  6 goblins
  8 hobgoblins
  11 jackals
  A quokka (D:2)
  2 bats (D:2)
  2 frilled lizards
  7 kobolds
  A leopard gecko skeleton (D:3)
  9 rats
60 creatures vanquished.

Notes
Turn   | Place    | Note
-------+----------+-------------------------------------------
     0 | D:1      | CKAuHET the Ogre Fighter began the quest for the Orb.
     0 | D:1      | Reached XP level 1. HP: 24/24 MP: 1/1
   140 | D:1      | Reached XP level 2. HP: 10/32 MP: 2/2
   697 | D:1      | Reached XP level 3. HP: 33/40 MP: 3/3
  1379 | D:2      | Reached skill level 1 in Axes
  1400 | D:2      | Reached XP level 4. HP: 48/49 MP: 4/4
  2006 | D:3      | Found a deep blue altar of Sif Muna.
  2031 | D:3      | Noticed fartsinmyface's ghost (amateur FeEn)
  2041 | D:3      | Gained mutation: Your spells are a little easier to cast, but a little less powerful. [potion of mutation]
  2041 | D:3      | Gained mutation: You are frail. (-10% HP) [potion of mutation]
  2041 | D:3      | Gained mutation: Your flesh is cold resistant. (rC+) [potion of mutation]
  2055 | D:3      | HP: 2/44 [fartsinmyface's ghost (3)]
  2060 | D:3      | Slain by fartsinmyface's ghost

Skill      XL: |  1  2  3 |
---------------+----------+-----
Dodging        | 3 |  3.3
Shields        | 3 |  3.1
Axes           | 1 |  1.3
Fighting       | |  4.7
Polearms       | |  2.1

Action                   |  1- 3 |  4- 6 || total
-------------------------+-------+-------++-------
Melee: Hand axe          |   117 |    82 ||   199
       Trident           |     8 |       ||     8
  Use: Potion            |       |     7 ||     7
       Scroll            |       |     5 ||     5
  Eat: Meat ration       |     1 |       ||     1
Armor: Robe              |    29 |    23 ||    52
Dodge: Dodged            |    42 |    17 ||    59
Block: Shield            |    46 |    39 ||    85
